[Event "WYCC 2018 O16"]
[Site "Halkidiki"]
[Date "2018.10.21"]
[Round "3"]
[White "Bekturov, Tamerlan"]
[Black "Aravena Navarro, Alexis Andres"]
[Result "1-0"]
[ECO "A57"]
[WhiteElo "2297"]
[BlackElo "1970"]
[Annotator "NA"]
[PlyCount "77"]
[EventDate "2018.10.20"]
[EventType "swiss"]
[EventCountry "GRE"]
[SourceTitle "playchess.com"]
[Source "ChessBase"]
[SourceQuality "1"]
[TimeControl "40/5400+30:1800+30"]

1. d4 Nf6 2. c4 c5 3. d5 b5 4. cxb5 a6 5. f3 g6 6. e4 d6 7. bxa6 Bg7 8. Bb5+ Bd7 9. Bc4 O-O 10. Ne2 Nxa6 11. O-O $14 Qb6 12. Nbc3 Rfb8 13. b3 Nb4 14. a4 Bc8 15. Be3 Nd7 16. Rb1 Ba6 17. Bxa6 Nxa6 18. Nb5 Nb4 19. Qd2 Qa5 20. Rfc1 Rb7 21. Na3 Rab8 22. Nc4 Qd8 23. Nc3 Na6 24. Nb5 Ne5 25. Na5 Rb6 26. f4 Ng4 27. Nc6 Rxc6 28. dxc6 Nc7 29. Bxc5 Nxb5 30. axb5 Rxb5 31. Bd4 e5 32. c7 Qc8 33. Qe2 Rb7 34. Qxg4 f5 35. Qe2 exd4 36. Qa6 Bf8 37. Qxb7 Qxb7 38. c8=Q Qxe4 39. Re1 1-0

[Event "WYCC 2018 O16"]
[Site "Halkidiki"]
[Date "2018.10.21"]
[Round "3"]
[White "Faerber, David"]
[Black "Pena Cifuentes, Tomas Alberto"]
[Result "1-0"]
[ECO "C04"]
[WhiteElo "2279"]
[BlackElo "1952"]
[Annotator "NA"]
[PlyCount "47"]
[EventDate "2018.10.20"]
[EventType "swiss"]
[EventCountry "GRE"]
[SourceTitle "playchess.com"]
[Source "ChessBase"]
[SourceQuality "1"]
[TimeControl "40/5400+30:1800+30"]

1. e4 e6 2. d4 d5 3. Nd2 Nc6 4. Ngf3 Nf6 5. e5 Nd7 6. Bd3 f6 7. Ng5 Ndxe5 {[%emt 0:00:17] C04: Französische Verteidigung (Tarrasch-Variante)} 8. dxe5 fxg5 9. Qh5+ g6 (9... Kd7 10. Nf3 Nb4 11. Bxg5 Nxd3+ 12. cxd3 Qe8 13. Qh4 Qg6 14. O-O Qxd3 15. Rfd1 {½-½ (25) Kovalev,V (2639)-Stupak,K (2565) Minsk 2018}) 10. Bxg6+ Kd7 11. c4 Nxe5 12. Bc2 Qf6 13. O-O c6 14. cxd5 exd5 15. f4 gxf4 16. Ne4 $146 dxe4 17. Bxf4 Bg7 18. Rad1+ Kc7 19. Bg3 Qe6 20. Rf7+ Kb6 21. Rxg7 Re8 22. Bb3 Qf6 23. Qxe8 $18 Qxg7 24. Bxe5 1-0

[Event "WYCC 2018 O16"]
[Site "Halkidiki"]
[Date "2018.10.21"]
[Round "3"]
[White "De Waele, Warre"]
[Black "Lin, Kerry"]
[Result "1-0"]
[ECO "A06"]
[WhiteElo "2272"]
[BlackElo "1931"]
[Annotator "NA"]
[PlyCount "55"]
[EventDate "2018.10.20"]
[EventType "swiss"]
[EventCountry "GRE"]
[SourceTitle "playchess.com"]
[Source "ChessBase"]
[SourceQuality "1"]
[TimeControl "40/5400+30:1800+30"]

1. Nf3 d5 2. c4 c6 3. e3 Nf6 4. Nc3 a6 5. Qc2 e6 6. d4 Be7 {[%emt 0:00:41] D45: Semi-Slav: 5 e3} (6... dxc4 7. Bxc4 b5 8. Be2 Bb7 9. a3 Nbd7 10. b4 a5 11. Rb1 axb4 12. axb4 Nd5 13. Nxd5 exd5 14. O-O Nf6 15. Ne5 {1-0 (39) So,W (2780)-Vallejo Pons,F (2707) Leon 2018}) 7. Bd3 Nbd7 8. b3 b5 {[%emt 0:04:43] LiveBook: 23 Games} 9. e4 dxe4 $146 ({Predecessor:} 9... bxc4 10. bxc4 dxe4 11. Nxe4 c5 12. O-O O-O 13. Ne5 cxd4 14. Nc6 Qe8 15. Bf4 e5 16. Nxe5 {1-0 (31) Leitao,R (2623)-Borges Matos,J (2453) San Cristobal 2012}) 10. Nxe4 Bb7 11. O-O Rc8 (11... bxc4 $11 {remains equal.} 12. bxc4 c5) 12. c5 Nxe4 13. Bxe4 Nf6 14. Bd3 O-O 15. Bf4 g6 16. Bh6 Re8 17. Rfe1 $16 Nd5 18. Qd2 Rc7 19. Ne5 Bf6 20. g3 Bh8 21. Be4 Bc8 22. h4 Ne7 23. h5 Nf5 24. Nxc6 Rxc6 25. Bxc6 Nxd4 26. Bg2 Qc7 27. Rac1 e5 28. Qxd4 1-0

[Event "WYCC 2018 O16"]
[Site "Halkidiki"]
[Date "2018.10.21"]
[Round "3"]
[White "Semjonovs, Ilja"]
[Black "Lianes Garcia, Marcos"]
[Result "1/2-1/2"]
[ECO "C70"]
[WhiteElo "2245"]
[BlackElo "2376"]
[Annotator "NA"]
[PlyCount "46"]
[EventDate "2018.10.20"]
[EventType "swiss"]
[EventCountry "GRE"]
[SourceTitle "playchess.com"]
[Source "ChessBase"]
[SourceQuality "1"]
[TimeControl "40/5400+30:1800+30"]

1. e4 e5 2. Nf3 Nc6 3. Bb5 a6 4. Ba4 Nge7 5. O-O Ng6 6. d4 exd4 7. Bxc6 dxc6 8. Qxd4 Qxd4 9. Nxd4 Bd7 10. f4 O-O-O 11. Be3 Bc5 $15 12. Nd2 Rhe8 13. c3 Bxd4 14. Bxd4 c5 15. Bxc5 Bc6 16. Bd4 Bxe4 17. Nxe4 Rxe4 18. g3 f6 19. Rae1 Rde8 20. Rxe4 Rxe4 21. Kf2 Ne7 22. Kf3 Re6 23. g4 g6 1/2-1/2

[Event "WYCC 2018 O16"]
[Site "Halkidiki"]
[Date "2018.10.21"]
[Round "3"]
[White "Wang, Yanbin"]
[Black "Stoleriu, George"]
[Result "1-0"]
[ECO "A09"]
[WhiteElo "2220"]
[BlackElo "2362"]
[Annotator "NA"]
[PlyCount "53"]
[EventDate "2018.10.20"]
[EventType "swiss"]
[EventCountry "GRE"]
[SourceTitle "playchess.com"]
[Source "ChessBase"]
[SourceQuality "1"]
[TimeControl "40/5400+30:1800+30"]

1. Nf3 d5 2. c4 d4 3. e3 Nc6 4. exd4 Nxd4 5. Nxd4 Qxd4 6. Nc3 c6 7. d3 Nh6 8. Be3 Qd8 9. d4 Nf5 10. Qd2 g6 11. Be2 Bg7 12. O-O-O O-O 13. h4 Nxe3 14. Qxe3 Re8 15. h5 Qa5 $11 16. f4 Rb8 17. g4 b5 18. hxg6 hxg6 19. f5 bxc4 20. fxg6 fxg6 21. Bxc4+ e6 22. Qh3 Kf7 23. Rdf1+ Ke7 24. Qh7 Qg5+ 25. Kb1 Qd2 26. Qxg7+ Kd8 27. Qf6+ 1-0

[Event "WYCC 2018 O16"]
[Site "Halkidiki"]
[Date "2018.10.21"]
[Round "3"]
[White "Van Malder, Dries"]
[Black "Szpar, Milosz"]
[Result "0-1"]
[ECO "E15"]
[WhiteElo "2150"]
[BlackElo "2328"]
[Annotator "NA"]
[PlyCount "52"]
[EventDate "2018.10.20"]
[EventType "swiss"]
[EventCountry "GRE"]
[SourceTitle "playchess.com"]
[Source "ChessBase"]
[SourceQuality "1"]
[TimeControl "40/5400+30:1800+30"]

1. d4 Nf6 2. c4 e6 3. Nf3 b6 4. g3 Ba6 5. Qa4 c5 6. Bg2 Bb7 7. O-O Be7 {[%emt 0:08:43] LiveBook: 73 Games} 8. Nc3 cxd4 9. Nxd4 Bxg2 10. Kxg2 O-O 11. Rd1 Qc7 {[%emt 0:01:25] E15: Damenindisch (Hauptfortsetzung, Abweichungen)} (11... Qc8 12. Bf4 a6 13. Nf3 Nc6 14. Kg1 d5 15. Rac1 dxc4 16. Qxc4 Na5 17. Qa4 Qb7 18. Bd6 Bxd6 19. Rxd6 Rac8 {½-½ (59) Laznicka,V (2683)-Bologan,V (2734) Istanbul 2012}) 12. Ndb5 Qc6+ 13. Kg1 Rc8 14. b3 a6 $1 $146 ({Vorgänger:} 14... d6 15. Ba3 Ne8 16. Rac1 Nd7 17. Bb4 a6 18. Nd4 Qxa4 19. Nxa4 Rab8 {½-½ (68) Plamenov Ribarov,P (2038)-Vives Bellber,T (1964) Barcelona 2012}) 15. Nd4 Qb7 16. Rd3 $17 d6 17. Ba3 Nbd7 18. Rad1 Ne5 19. R3d2 b5 20. Qb4 Bf8 21. Qa5 bxc4 22. Na4 cxb3 23. axb3 Rab8 24. Ra2 h5 25. h4 Be7 26. Rad2 Bd8 0-1

[Event "WYCC 2018 O16"]
[Site "Halkidiki"]
[Date "2018.10.21"]
[Round "3"]
[White "Kovacsy, Barnabas"]
[Black "Zhalmakhanov, Ramazan"]
[Result "1/2-1/2"]
[ECO "B56"]
[WhiteElo "2104"]
[BlackElo "2316"]
[Annotator "NA"]
[PlyCount "134"]
[EventDate "2018.10.20"]
[EventType "swiss"]
[EventCountry "GRE"]
[SourceTitle "playchess.com"]
[Source "ChessBase"]
[SourceQuality "1"]
[TimeControl "40/5400+30:1800+30"]

1. e4 c5 2. Nf3 d6 3. d4 cxd4 4. Nxd4 Nf6 5. Nc3 Bd7 6. Bg5 e6 7. Ndb5 {[%emt 0:00:10] B56: Classical Sicilian: Unusual Lines} (7. Qd2 h6 8. Bxf6 Qxf6 9. Ndb5 Bxb5 10. Bxb5+ Nc6 11. O-O-O a6 12. Bxc6+ bxc6 13. f4 Qd8 14. g4 Qa5 15. h4 {½-½ (42) Leko,P (2714)-Li,C (2748) Szeged 2015 CBM 168 [Fischer,J]}) 7... Bxb5 8. Bxb5+ Nc6 9. O-O Be7 10. Kh1 $146 ({Predecessor:} 10. Be3 a6 11. Be2 b5 12. a3 Qc7 13. f4 Na5 14. Kh1 Nc4 {½-½ (41) Oliveira,M (1978)-Brankov,K (1903) Belgrade 2013}) 10... O-O 11. f4 h6 12. Bh4 Rc8 13. Qe1 Nd7 14. Bxe7 Qxe7 15. Rd1 a6 16. Bd3 Rcd8 17. Qg3 Kh8 18. Qh3 Nc5 19. g4 f6 20. Rg1 b5 21. g5 fxg5 22. fxg5 Ne5 23. gxh6 g6 24. Rdf1 Kh7 25. Ne2 b4 26. Nf4 Rf7 27. Qg3 Rg8 28. Nh3 Rxf1 29. Ng5+ Kh8 30. Rxf1 Rf8 31. Rf4 Rf6 32. h4 Qf8 33. Rxf6 Qxf6 34. Kg2 a5 35. Bb5 Qf8 36. a3 bxa3 37. bxa3 Qxh6 38. Qxe5+ dxe5 39. Nf7+ Kg7 40. Nxh6 Kxh6 41. Bc6 g5 42. hxg5+ Kxg5 43. Kg3 Kf6 44. Kf3 Ke7 45. Ke3 Kd6 46. Bb5 Nb7 47. Bc4 Nd8 48. Kd3 Nc6 49. Bb3 Nd4 50. Kc4 Kc6 51. Ba4+ Kb6 52. c3 Nf3 53. Bc2 Ng5 54. Bb1 Nf7 55. Bd3 Nd6+ 56. Kb3 Nb7 57. Kc4 Kc6 58. Bc2 Nc5 59. Bd3 Nd7 60. Kb3 Nb6 61. Bc4 Kd6 62. Bb5 Kc5 63. Bd3 Nd7 64. Ka4 Kb6 65. Kb3 Nc5+ 66. Kc4 Nd7 67. Bc2 Nc5 $11 1/2-1/2

[Event "WYCC 2018 O16"]
[Site "Halkidiki"]
[Date "2018.10.21"]
[Round "3"]
[White "Zenelaj, Samuel"]
[Black "Milosevic, Milos"]
[Result "0-1"]
[ECO "A16"]
[WhiteElo "1952"]
[BlackElo "2306"]
[Annotator "NA"]
[PlyCount "92"]
[EventDate "2018.10.20"]
[EventType "swiss"]
[EventCountry "GRE"]
[SourceTitle "playchess.com"]
[Source "ChessBase"]
[SourceQuality "1"]
[TimeControl "40/5400+30:1800+30"]

1. c4 Nf6 2. Nc3 g6 3. g3 Bg7 4. Bg2 O-O {[%emt 0:00:00] LiveBook: 4721 Games} 5. e3 e5 6. Nge2 Nc6 7. O-O d6 8. d3 Be6 9. Nd5 Qd7 10. a3 {[%emt 0:04:29] A25: English Opening vs King's Indian with ...Nc6 but without early d3} (10. Nec3 Ne8 11. f4 f5 12. Qa4 Kh8 13. Bd2 Nd8 14. Qxd7 Bxd7 15. Ne2 c6 16. Ndc3 Ne6 17. b4 a6 18. Rab1 {0-1 (38) Ivanchuk,V (2726)-Mchedlishvili,M (2603) Riadh 2017}) 10... Bh3 11. Nec3 Nxd5 $146 ({Predecessor:} 11... Bxg2 12. Kxg2 Ne8 13. b4 f5 14. Bb2 Nd8 15. b5 c6 {0-1 (31) Iman S,O (2340)-Wu,S (2435) Singapore 1997}) 12. Bxh3 Qxh3 13. Nxd5 Qd7 14. Rb1 Nd8 15. b4 c6 16. Nc3 Ne6 17. Ne2 d5 18. b5 Rad8 $17 19. Qa4 dxc4 20. dxc4 Qd3 21. Rb2 Ng5 22. f3 e4 23. Nf4 Nxf3+ 24. Rxf3 Qd1+ 25. Qxd1 Rxd1+ 26. Rf1 Rxc1 27. Rb4 Rc3 28. Ra4 Rxe3 29. Rxa7 cxb5 30. cxb5 Bd4 31. Rxb7 Rxg3+ 32. Kh1 Rxa3 33. Re7 Rf3 34. Rd1 Rxf4 35. Rxd4 Rf1+ 36. Kg2 Rb1 37. Rd5 Rb4 38. Kg3 Rc8 39. Kf4 Rc1 40. Ke3 Rc3+ 41. Kd2 Rh3 42. Rdd7 Rf3 43. Ke2 Rb2+ 44. Ke1 Rxb5 45. Rxe4 Rb2 46. h4 Rh3 0-1

[Event "WYCC 2018 O16"]
[Site "Halkidiki"]
[Date "2018.10.21"]
[Round "3"]
[White "Araoz Andrade, Ivan Alexander"]
[Black "Jakab, Bela"]
[Result "0-1"]
[ECO "D10"]
[WhiteElo "1919"]
[BlackElo "2285"]
[Annotator "NA"]
[PlyCount "112"]
[EventDate "2018.10.20"]
[EventType "swiss"]
[EventCountry "GRE"]
[SourceTitle "playchess.com"]
[Source "ChessBase"]
[SourceQuality "1"]
[TimeControl "40/5400+30:1800+30"]

1. d4 d5 2. c4 c6 3. cxd5 cxd5 4. Nc3 Nf6 5. Bf4 Nc6 6. e3 a6 7. Bd3 Bg4 8. Nf3 e6 9. O-O Bd6 10. Bxd6 Qxd6 11. Rc1 O-O 12. a3 Rac8 13. Na4 e5 14. dxe5 Nxe5 15. Be2 Rxc1 16. Qxc1 Nxf3+ 17. Bxf3 Bxf3 18. gxf3 $15 Nd7 19. Nc3 Ne5 20. Qd1 Rd8 21. f4 Nc4 22. Qe2 Qg6+ 23. Kh1 Qc6 24. Kg1 Rd6 25. Rd1 d4 26. Ne4 d3 27. Qg4 h5 28. Qf5 Rd5 29. Qh3 Nxb2 30. Rd2 Nc4 31. Rd1 d2 32. Ng5 Nb2 33. Qxh5 Rxg5+ 34. Qxg5 Nxd1 35. Qd8+ Kh7 36. Qxd2 Nc3 37. f3 b5 38. e4 Qc5+ 39. Kg2 a5 40. Qd7 Qb6 41. h4 b4 42. h5 Qe6 43. Qd3 Kh6 44. Qd8 Kh7 45. Qxa5 bxa3 46. Qxc3 Qa6 47. Kg3 a2 48. Qa1 Qa3 49. Kg4 Qb3 50. h6 gxh6 51. Kh5 Qb1 52. Qf6 Qh1+ 53. Kg4 a1=Q 54. Qf5+ Kg7 55. Qb5 Qag1+ 56. Kf5 Qh5# 0-1

[Event "WYCC 2018 O16"]
[Site "Halkidiki"]
[Date "2018.10.22"]
[Round "4"]
[White "Vrolijk, Liam"]
[Black "Davtyan, Artur"]
[Result "1/2-1/2"]
[ECO "D37"]
[WhiteElo "2437"]
[BlackElo "2374"]
[Annotator "NA"]
[PlyCount "191"]
[EventDate "2018.10.20"]
[EventType "swiss"]
[EventCountry "GRE"]
[SourceTitle "playchess.com"]
[Source "ChessBase"]
[SourceQuality "1"]
[TimeControl "40/5400+30:1800+30"]

1. c4 {[%emt 0:00:00] Krasenkow,M} e6 2. Nc3 d5 3. d4 Be7 4. Nf3 Nf6 5. Bf4 O-O 6. e3 Nbd7 7. a3 {[%emt 0:00:18] D37: Queen's Gambit Declined: 5 Bf4} c5 8. cxd5 Nxd5 9. Nxd5 exd5 10. dxc5 Nxc5 11. Be5 Bg4 12. Be2 Bxf3 13. Bxf3 Bf6 14. Bxf6 Qxf6 {[%emt 0:00:01] [#]} 15. Qc2 $146 Rac8 16. Bxd5 Qa6 17. Rd1 Na4 18. Qb3 Qa5+ 19. Kf1 Qa6+ 20. Kg1 Nc5 21. Qc2 Nd3 22. Qd2 Qb5 23. h4 Qxd5 24. Qxd3 Qxd3 25. Rxd3 Rfd8 26. Rxd8+ Rxd8 27. h5 Rd2 28. b4 Ra2 29. Rh4 Ra1+ 30. Kh2 Rxa3 31. Rc4 h6 32. Rc8+ Kh7 33. Rc7 Ra4 34. Rxb7 $16 Kg8 35. Kg3 Ra3 36. Rb8+ Kh7 37. Rf8 f6 38. Kf3 Rb3 39. Ra8 Rxb4 40. Rxa7 Kg8 41. g4 Rb2 42. Kg3 Re2 43. Rb7 Kf8 44. Kf3 Rc2 45. e4 Ra2 46. Ke3 Rc2 47. Rd7 Rc1 48. Kf4 Rc5 49. f3 Ra5 50. Rd5 Ra3 51. Rb5 Kf7 52. Rb7+ Kg8 53. Rd7 Kh7 54. Rb7 Rc3 55. Rb8 Rd3 56. Kg3 Ra3 57. Rd8 Ra4 58. Kf2 Ra2+ 59. Ke3 Ra3+ 60. Rd3 Ra1 61. Kd4 Kg8 62. Kc5 Rf1 63. Kd5 Kf7 64. Kd4 Re1 65. Rc3 Rd1+ 66. Ke3 Ra1 67. Rc5 Ra3+ 68. Kf4 Kf8 69. Rb5 Kf7 70. Rb7+ Kg8 71. Re7 Ra5 72. Rd7 Kf8 73. Rd5 Ra3 74. Rc5 Kf7 75. e5 fxe5+ 76. Rxe5 Rb3 77. Rc5 Ra3 78. Ke4 Ra6 79. f4 Re6+ 80. Kd5 Re3 81. Rc7+ Kf6 82. Rc6+ Kf7 83. Rg6 Re1 84. Kd4 Ra1 85. f5 Ra4+ 86. Ke3 Ra3+ 87. Kf4 Ra4+ 88. Kg3 Ra3+ 89. Kh4 Rf3 90. Ra6 Ke7 91. Re6+ Kf7 92. Rg6 Kf8 93. g5 Rf4+ 94. Kg3 Rxf5 95. gxh6 Rxh5 96. Rxg7 1/2-1/2

[Event "WYCC 2018 O16"]
[Site "Halkidiki"]
[Date "2018.10.22"]
[Round "4"]
[White "Blohberger, Felix"]
[Black "Stevanic, David"]
[Result "1-0"]
[ECO "C88"]
[WhiteElo "2433"]
[BlackElo "2281"]
[Annotator "NA"]
[PlyCount "73"]
[EventDate "2018.10.20"]
[EventType "swiss"]
[EventCountry "GRE"]
[SourceTitle "playchess.com"]
[Source "ChessBase"]
[SourceQuality "1"]
[TimeControl "40/5400+30:1800+30"]

1. e4 e5 2. Nf3 Nc6 3. Bb5 a6 4. Ba4 Nf6 5. O-O Be7 {[%emt 0:00:00] LiveBook: 36347 Games} 6. Re1 b5 7. Bb3 O-O 8. a4 b4 9. a5 d6 10. d3 Bg4 11. c3 {[%emt 0:00:17] C88: Closed Ruy Lopez: Anti-Marshall Systems} (11. Nbd2 Nd4 12. Bc4 c5 13. h3 Bxf3 14. Nxf3 Nc6 15. Bg5 Nxa5 16. Bxf6 Bxf6 17. Bd5 Ra7 18. c3 Qb6 {½-½ (57) Barbosa,O (2538)-Wang,Y (2716) Jakarta 2011}) 11... d5 12. h3 Bxf3 13. Qxf3 dxe4 $146 ({Predecessor:} 13... bxc3 14. bxc3 d4 15. Bd5 Nxd5 16. exd5 Na7 17. c4 f6 18. Nd2 Bb4 {0-1 (47) Tyehimba,B (2230)-Fenster,D Chicago 1996}) 14. dxe4 bxc3 15. bxc3 Rb8 16. Nd2 Bc5 17. Bc4 Qc8 18. Qe2 Qb7 (18... Ra8 $16 19. Nb3 Be7) 19. Nb3 ({Don't play} 19. Bxa6 $6 Qa7 $16) (19. Nf3 $18) 19... Bd6 20. Bg5 Na7 21. Bxf6 gxf6 22. Rad1 Nb5 23. Qg4+ Kh8 24. Qf5 Be7 25. Bxb5 Qxb5 26. Rd7 Bd8 27. Nd2 c5 28. Nf1 Qc6 $18 29. Red1 Qe6 30. Qh5 Be7 31. Ne3 Rb1 32. Kh2 Rxd1 33. Qxd1 Rc8 34. c4 Kg8 35. Nf5 Bf8 36. Qg4+ Kh8 37. Re7 1-0

[Event "WYCC 2018 O16"]
[Site "Halkidiki"]
[Date "2018.10.22"]
[Round "4"]
[White "Kaasen, Tor Fredrik"]
[Black "Zarubitski, Viachaslau"]
[Result "1-0"]
[ECO "A50"]
[WhiteElo "2388"]
[BlackElo "2417"]
[Annotator "NA"]
[PlyCount "103"]
[EventDate "2018.10.20"]
[EventType "swiss"]
[EventCountry "GRE"]
[SourceTitle "playchess.com"]
[Source "ChessBase"]
[SourceQuality "1"]
[TimeControl "40/5400+30:1800+30"]

1. d4 Nf6 2. c4 c6 3. Nf3 d5 4. g3 dxc4 5. Bg2 b5 6. O-O {[%emt 0:00:42] D11: Slav Defence: 3 Nf3 sidelines and 3...Nf6 4 e3 Bg4} Bb7 (6... e6 7. a4 Bb7 8. Ne5 a6 9. b3 cxb3 10. Qxb3 Be7 11. Nc3 b4 12. Rd1 a5 13. Bg5 O-O 14. Bxf6 gxf6 {1-0 (37) Mchedlishvili,M (2603)-Eljanov,P (2711) Riadh 2017}) 7. b3 cxb3 8. axb3 e6 9. Nc3 Qb6 10. Ne5 a5 11. e4 $146 ({Predecessor:} 11. Qd3 Be7 12. Ne4 O-O 13. Ng5 Qd8 14. Bh3 Bc8 15. Bg2 Bb7 16. Bh3 Bc8 {½-½ (16) Stalmach,K (2564)-Neto,H (2584) ICCF email 2016}) 11... Bb4 12. Qd3 O-O 13. Be3 Rd8 14. Rac1 ({Better is} 14. Nxf7 $1 $14 Kxf7 15. e5) 14... Na6 15. Rfd1 Ba3 16. Ra1 Be7 17. Qe2 Nb4 (17... Bb4 $11 18. Rdc1 c5 19. Qxb5 Qxb5 20. Nxb5 Nxe4) 18. Rac1 Rac8 19. d5 c5 20. Bh3 Ba6 {[%emt 0:19:00] [#]} 21. Nxf7 $1 Kxf7 22. Bxe6+ Ke8 23. Bg5 Nc6 $2 (23... Nbxd5 24. exd5 b4) 24. Bxc8 Rxc8 $18 25. dxc6 b4 26. Na4 Qxc6 27. Qe3 c4 28. Bxf6 gxf6 29. Rd5 c3 30. Qh6 Bb7 31. Qh5+ Kf8 32. Qxh7 Qe6 33. Qh8+ Kf7 34. Qh7+ Kf8 35. Nc5 Rxc5 36. Rxc5 Bxe4 37. Qh8+ Kf7 38. Rc8 f5 39. Rg8 Qd5 40. Qg7+ Ke6 41. Qg6+ Bf6 42. Rf8 Qd4 43. Qf7+ Kd6 44. Qxf6+ Qxf6 45. Rxf6+ Kc5 46. f3 a4 47. fxe4 axb3 48. Rxf5+ Kd4 49. Rf2 Kxe4 50. Rb1 c2 51. Rc1 Kd3 52. h4 1-0

[Event "WYCC 2018 O16"]
[Site "Halkidiki"]
[Date "2018.10.22"]
[Round "4"]
[White "Ibrahimli, Murad"]
[Black "Faerber, David"]
[Result "1-0"]
[ECO "D02"]
[WhiteElo "2379"]
[BlackElo "2279"]
[Annotator "NA"]
[PlyCount "105"]
[EventDate "2018.10.20"]
[EventType "swiss"]
[EventCountry "GRE"]
[SourceTitle "playchess.com"]
[Source "ChessBase"]
[SourceQuality "1"]
[TimeControl "40/5400+30:1800+30"]

1. d4 d5 2. Nf3 e6 3. c4 a6 4. Qc2 dxc4 5. Qxc4 Nf6 6. g3 b5 7. Qc2 Bb7 8. Bg2 Be7 9. O-O O-O 10. Bd2 Be4 11. Qc1 c6 12. Be3 Nbd7 $11 {[%emt 0:10:40] LiveBook: 22 Games} 13. Nc3 Bg6 14. Bg5 Rc8 15. Rd1 Nd5 16. Bxe7 Qxe7 17. Qd2 Nxc3 18. Qxc3 c5 19. Qa3 Nb8 20. Rac1 b4 21. Qa5 cxd4 22. Nxd4 h6 23. Nc6 Nxc6 24. Rxc6 Rcd8 25. Rcc1 Rd6 26. Bf3 Rfd8 27. Rxd6 Rxd6 28. h4 e5 29. Bd5 e4 30. Qxb4 e3 31. Rc6 exf2+ 32. Kf1 Bh5 33. Rc8+ Kh7 34. Qe4+ Qxe4 35. Bxe4+ g6 36. Kxf2 Rd4 37. Bd3 Rd5 38. Rc7 Kg7 39. Rxf7+ Kxf7 40. Bc4 Ke6 41. e4 Ke5 42. exd5 g5 43. hxg5 hxg5 44. Bxa6 Kxd5 45. Ke3 Bg6 46. b4 Bc2 47. Bb5 Kd6 48. a4 Kc7 49. a5 Kb7 50. Bd3 Bb3 51. b5 Ba4 52. Kd4 Bb3 53. Kc5 1-0

[Event "WYCC 2018 O16"]
[Site "Halkidiki"]
[Date "2018.10.22"]
[Round "4"]
[White "Lianes Garcia, Marcos"]
[Black "De Waele, Warre"]
[Result "1/2-1/2"]
[ECO "B20"]
[WhiteElo "2376"]
[BlackElo "2272"]
[Annotator "NA"]
[PlyCount "83"]
[EventDate "2018.10.20"]
[EventType "swiss"]
[EventCountry "GRE"]
[SourceTitle "playchess.com"]
[Source "ChessBase"]
[SourceQuality "1"]
[TimeControl "40/5400+30:1800+30"]

1. e4 c5 2. g3 d5 3. exd5 Qxd5 4. Nf3 Bg4 5. Bg2 Qe6+ 6. Kf1 Nc6 7. h3 Bh5 8. d3 Qd7 9. Na3 e6 {[%emt 0:11:27] LiveBook: 16 Games} 10. Nc4 {[%emt 0:05:13] B20: Sicilian: Unusual White 2nd moves} Nf6 11. g4 Bg6 12. Nfe5 Nxe5 13. Nxe5 Qc7 14. Bf4 Bd6 15. Nxg6 hxg6 16. Bxd6 Qxd6 17. Bxb7 Rb8 {[%emt 0:03:10] [#]} 18. Qf3 $146 O-O 19. b3 Nd7 20. Re1 Qc7 {[%emt 0:01:58] [#]} 21. Ba6 $1 Qa5 22. Bc4 Qxa2 23. h4 Nb6 24. Re2 Nxc4 25. dxc4 Rfd8 26. Kg2 Qb2 27. h5 gxh5 28. Rxh5 Qd4 29. Re4 $18 Qb2 30. Re2 Qd4 31. Re4 Qb2 32. Rxc5 Qxc2 33. Rc7 Rf8 34. Re3 a5 35. Ra7 Qd2 36. Rd3 Qb4 37. Qe4 Qc5 38. Rh3 g6 39. Rd7 Rbd8 40. Rxd8 Rxd8 41. Qf4 Qd4 42. Qf3 1/2-1/2

[Event "WYCC 2018 O16"]
[Site "Halkidiki"]
[Date "2018.10.22"]
[Round "4"]
[White "Stoleriu, George"]
[Black "Kovacsy, Barnabas"]
[Result "1-0"]
[ECO "B47"]
[WhiteElo "2362"]
[BlackElo "2104"]
[Annotator "NA"]
[PlyCount "61"]
[EventDate "2018.10.20"]
[EventType "swiss"]
[EventCountry "GRE"]
[SourceTitle "playchess.com"]
[Source "ChessBase"]
[SourceQuality "1"]
[TimeControl "40/5400+30:1800+30"]

1. e4 c5 2. Nf3 e6 3. d4 cxd4 4. Nxd4 Nc6 5. Nc3 Qc7 6. Qd3 {[%emt 0:00:00] B47: Sicilian: Taimanov: 5 Nc3 Qc7 6 f4, 6 g3 and 6 Be2} (6. Be3 a6 7. Qf3 Nf6 8. O-O-O Ne5 9. Qg3 b5 10. a3 Bb7 11. Bxb5 Rc8 12. Ba4 Nxe4 13. Nxe4 Bxe4 14. Bf4 Qc4 15. Bxe5 Qxa4 {1-0 (38) Vachier Lagrave,M (2789)-Anand,V (2776) Karlsruhe/Baden-Baden 2018}) 6... a6 7. Nxc6 bxc6 8. Qg3 e5 9. f4 d6 10. Be2 $146 ({Predecessor:} 10. fxe5 dxe5 11. Bc4 Be6 12. Bxe6 fxe6 13. Qg4 Qe7 {0-1 (60) Dube,D (1652)-Gauthier,D (1859) Montreal 2016}) 10... g6 11. fxe5 dxe5 12. O-O Be6 13. Kh1 Bg7 14. Na4 Nf6 15. Nc5 Qe7 16. Qf2 Ng4 17. Bxg4 Bxg4 18. Bg5 Qc7 19. h3 Bc8 20. Bd8 Kxd8 $18 (20... Qa7 21. Bf6 Bxf6) 21. Rad1+ Ke8 22. Rd7 Bxd7 23. Qxf7+ Kd8 24. Rd1 Ra7 25. Ne6+ Kc8 26. Nxc7 Rxc7 27. Qxg7 Re8 28. Qxh7 g5 29. Qg6 g4 30. h4 Kb7 31. Rxd7 1-0

[Event "WYCC 2018 O16"]
[Site "Halkidiki"]
[Date "2018.10.22"]
[Round "4"]
[White "Baenziger, Fabian"]
[Black "Semjonovs, Ilja"]
[Result "1/2-1/2"]
[ECO "A43"]
[WhiteElo "2355"]
[BlackElo "2245"]
[Annotator "NA"]
[PlyCount "53"]
[EventDate "2018.10.20"]
[EventType "swiss"]
[EventCountry "GRE"]
[SourceTitle "playchess.com"]
[Source "ChessBase"]
[SourceQuality "1"]
[TimeControl "40/5400+30:1800+30"]

1. d4 Nf6 2. Nf3 c5 3. d5 e6 4. Nc3 exd5 5. Nxd5 d6 {[%emt 0:03:29] A43: Schmid Benoni} (5... Nxd5 6. Qxd5 Nc6 7. Ng5 Qe7 8. c3 d6 9. Bf4 Be6 10. Qd2 d5 11. e3 h6 12. Nxe6 Qxe6 13. O-O-O O-O-O 14. Bd3 Bd6 {1-0 (53) Kramnik,V (2809)-Hou,Y (2651) Medias 2016}) 6. Bg5 Be7 7. Nxe7 Qxe7 8. c4 O-O 9. e3 Nc6 10. Be2 $146 ({Predecessor:} 10. Rc1 h6 11. Bh4 g5 12. Bg3 Rd8 13. Be2 {1-0 (32) Bernal,L (1958)-Campos,H Buenos Aires 2011}) 10... Bf5 11. O-O Rfd8 12. Qb3 h6 13. Bh4 (13. Bxf6 $5 Qxf6 14. Qxb7 $11) 13... g5 14. Bg3 d5 15. cxd5 Nxd5 16. Rad1 Be6 17. Qa4 Nb6 18. Qe4 Bxa2 19. Qxe7 Nxe7 20. Bd6 Ned5 21. Bxc5 Bc4 22. Bxc4 Nxc4 23. Rd4 $14 Ndb6 24. b3 Rxd4 25. exd4 Na5 26. b4 Nac4 27. Ra1 1/2-1/2

[Event "WYCC 2018 O16"]
[Site "Halkidiki"]
[Date "2018.10.22"]
[Round "4"]
[White "Szpar, Milosz"]
[Black "O'Donnell, Tom"]
[Result "1-0"]
[ECO "B53"]
[WhiteElo "2328"]
[BlackElo "2332"]
[Annotator "NA"]
[PlyCount "57"]
[EventDate "2018.10.20"]
[EventType "swiss"]
[EventCountry "GRE"]
[SourceTitle "playchess.com"]
[Source "ChessBase"]
[SourceQuality "1"]
[TimeControl "40/5400+30:1800+30"]

1. e4 c5 2. Nf3 d6 3. d4 cxd4 4. Qxd4 Nc6 5. Bb5 Bd7 6. Bxc6 Bxc6 7. Nc3 Nf6 8. Bg5 e6 9. O-O-O Be7 10. Qd3 Qa5 11. h4 O-O 12. Nd4 Rfc8 13. f4 Rab8 14. Kb1 b5 15. e5 dxe5 16. fxe5 b4 $16 17. exf6 bxc3 18. b3 Bf8 19. fxg7 Bxg7 20. Qg3 Be4 21. Bh6 Bg6 22. h5 Bxh6 23. hxg6 f6 24. Nc6 Rxc6 25. Qxb8+ Kg7 26. gxh7 Kxh7 27. Qf8 Qg5 28. Rxh6+ Qxh6 29. Qf7+ 1-0